Map: Blackburn LE

Players

herO - Winner!

  • Race: Protoss Protoss

ShoWTimE

  • Race: Protoss Protoss

VOD

Have the link to the VOD?

Description

Time

  • Played on: Oct. 21, 2021, 8:01 a.m.
  • Length: 5:44
Show
View Real Time Build Order
Export as new Build Order

herO Protoss - Winner!

Build Orders: Phoenix Opening, Mass Phoenix 

Get SALT Encoding   

  12  0:00  Probe  
  13  0:12  Probe  
  14  0:17  Pylon  
  14  0:24  Probe (Chrono Boost)  
  15  0:36  Probe (Chrono Boost)  
  15  0:38  Gateway  
  16  0:44  Probe (Chrono Boost)  
  16  0:47  Assimilator  
  17  0:51  Probe  
  18  1:03  Probe (Chrono Boost)  
  19  1:04  Assimilator  
  19  1:06  Pylon  
  19  1:12  Probe (Chrono Boost)  
  19  1:17  Probe (Chrono Boost)  
  20  1:25  Cybernetics Core  
  21  1:29  Probe  
  22  1:33  Zealot  
  24  1:41  Probe  
  25  1:53  Probe  
  26  2:06  Stargate  
  28  2:13  Warp Gate  
  28  2:18  Pylon  
  28  2:29  Nexus  
  26  2:37  Cybernetics Core  
  26  2:45  Pylon  
  26  2:52  Phoenix (Chrono Boost)  
  26  2:57  Probe  
  29  3:08  Phoenix (Chrono Boost)  
  29  3:09  Probe  
  32  3:21  Probe  
  32  3:25  Phoenix (Chrono Boost)  
  32  3:26  Pylon  
  35  3:29  Assimilator  
  35  3:33  Probe  
  35  3:39  Stargate  
  35  3:48  Phoenix  
  37  3:53  Probe (Chrono Boost)  
  39  3:55  Probe (Chrono Boost)  
  39  4:02  Probe (Chrono Boost)  
  40  4:05  Probe (Chrono Boost)  
  40  4:06  Assimilator  
  40  4:07  Probe (Chrono Boost)  
  42  4:17  Probe  
  42  4:19  Probe  
  42  4:23  Phoenix  
  44  4:26  Phoenix  
  46  4:36  Probe x2  
  48  4:48  Probe x2, Phoenix (Chrono Boost)  
  54  4:55  Adept  
  54  4:56  Phoenix (Chrono Boost)  
  56  5:00  Pylon  
  54  5:10  Phoenix (Chrono Boost)  
  56  5:15  Probe  
  56  5:16  Probe  
  56  5:17  Phoenix (Chrono Boost)  
  60  5:22  Adept  
  66  5:42  Pylon  
Show
View Real Time Build Order
Export as new Build Order

ShoWTimE Protoss 

Build Orders: Phoenix Opening, Mass Phoenix 

Get SALT Encoding   

  12  0:00  Probe  
  13  0:12  Probe  
  14  0:17  Pylon  
  14  0:24  Probe (Chrono Boost)  
  15  0:36  Probe (Chrono Boost)  
  15  0:38  Gateway  
  16  0:44  Probe (Chrono Boost)  
  16  0:47  Assimilator  
  17  0:51  Probe  
  18  0:58  Assimilator  
  18  1:03  Probe (Chrono Boost)  
  19  1:05  Pylon  
  19  1:13  Probe (Chrono Boost)  
  19  1:18  Probe (Chrono Boost)  
  20  1:24  Cybernetics Core  
  21  1:29  Probe  
  22  1:34  Zealot  
  24  1:41  Probe  
  25  1:53  Probe  
  26  2:05  Stargate  
  28  2:14  Warp Gate  
  28  2:21  Probe  
  29  2:24  Pylon  
  29  2:33  Probe  
  30  2:45  Probe  
  30  2:47  Phoenix (Chrono Boost)  
  33  2:58  Probe  
  34  3:03  Phoenix (Chrono Boost)  
  36  3:09  Pylon  
  36  3:11  Nexus  
  34  3:13  Probe  
  35  3:25  Probe, Phoenix (Chrono Boost)  
  38  3:34  Assimilator  
  38  3:37  Probe  
  39  3:43  Phoenix  
  39  3:44  Assimilator  
  41  3:49  Probe  
  42  4:01  Probe  
  43  4:08  Phoenix (Chrono Boost)  
  45  4:13  Probe  
  46  4:17  Stargate  
  46  4:25  Probe  
  46  4:26  Phoenix (Chrono Boost)  
  46  4:30  Probe  
  50  4:37  Probe  
  46  4:42  Probe  
  47  4:48  Phoenix  
  47  4:49  Probe  
  50  4:55  Probe  
  51  5:02  Probe, Phoenix  
  51  5:07  Probe  
  55  5:08  Pylon  
  55  5:14  Probe  
  56  5:15  Phoenix (Chrono Boost)  
  56  5:19  Probe  
  59  5:23  Pylon  
  61  5:30  Probe  
  61  5:31  Probe  
  59  5:37  Shield Battery  
Tags
 
Add a new tag
Caveats
  • Supply blocks, unpowered buildings, or Contaminate may cause inaccurate times.
  • Supply counts are checked every 10 seconds.